 Dungeon Crawl Stone Soup version 0.20.1-1-g8b1a95d (webtiles) character file.

2150 Gukra the Conjurer (level 9, -4/47 HPs)
             Began as a Gargoyle Wizard on Aug 6, 2017.
             Was an Elder of Vehumet.
             Slain by a hippogriff (6 damage)
             ... on level 7 of the Dungeon.
             The game lasted 00:36:41 (7521 turns).

Gukra the Conjurer (Gargoyle Wizard)                Turns: 7521, Time: 00:36:41

Health: -4/47      AC: 10    Str: 10    XL:     9   Next: 31%
Magic:  8/19       EV: 11    Int: 23    God:    Vehumet [****..]
Gold:   371        SH:  0    Dex: 13    Spells: 10/22 levels left

rFire    . . .     SeeInvis .   L - +3 falchion of the Undead {speed, rPois rC+ rN++}
rCold    + . .     Gourm    .   (no shield)
rNeg     + + +     Faith    .   f - +0 leather armour
rPois    ∞         Spirit   .   b - +1 hat
rElec    +         Reflect  .   (no cloak)
rCorr    .         Harm     .   (no gloves)
MR       +....                  (no boots)
Stlth    ++........             q - amulet of magic regeneration
Regen    0.2/turn               t - +5 ring of dexterity
MPRegen  0.3/turn               K - ring of protection from magic

@: no status effects
A: negative energy resistance 1, electricity resistance, unbreathing,
petrification resistance, rot immunity, AC +5
a: Renounce Religion


You were on level 7 of the Dungeon.
You worshipped Vehumet.
Vehumet was greatly pleased with you.
You were not hungry.

You visited 1 branch of the dungeon, and saw 7 of its levels.

You collected 371 gold pieces.

Inventory:

Hand Weapons
 L - the +3 falchion of the Undead (weapon) {speed, rPois rC+ rN++}
   (You found it on level 6 of the Dungeon)

   Attacks with this weapon are significantly faster.
   It protects you from cold.
   It protects you from poison.
   It greatly protects you from negative energy.
Missiles
 h - 4 javelins (quivered)
 r - 16 poisoned needles
 H - 8 needles of frenzy
Armour
 a - a +0 robe
 b - a +1 hat (worn)
 f - a +0 leather armour (worn)
Jewellery
 q - an amulet of magic regeneration (around neck)
 t - a +5 ring of dexterity (left hand)
 C - an uncursed ring of protection from cold
 K - a ring of protection from magic (right hand)
 O - an uncursed amulet of regeneration {unknown}
Wands
 M - a wand of digging (18/24)
Scrolls
 e - a scroll of fear
 k - 3 scrolls of identify
 m - 2 scrolls of enchant armour
 s - a scroll of blinking
 v - a scroll of enchant weapon
 w - 3 scrolls of remove curse
 y - a scroll of noise
 E - 3 scrolls of fog {unknown}
 J - a scroll of teleportation {unknown}
 N - a scroll of magic mapping {unknown}
Potions
 g - a potion of haste {unknown}
 j - 2 potions of curing {unknown}
 l - 3 potions of lignification
 n - 4 potions of might
 o - a potion of agility {unknown}
 p - 2 potions of invisibility {unknown}
 u - 2 potions of flight {unknown}
 x - a potion of heal wounds {unknown}
 A - a potion of degeneration {unknown}
 D - 2 potions of ambrosia {unknown}
 G - a potion of brilliance {unknown}
Books
 c - a book of Minor Magic

   Spells                             Type                      Level
   a - Magic Dart                     Conjuration                  1
   b - Blink                          Translocation                2
   c - Call Imp                       Summoning                    2
   d - Slow                           Hexes                        2
   e - Conjure Flame                  Conjuration/Fire             3
   f - Mephitic Cloud                 Conjuration/Poison/Air       3
 I - a book of Air

   Spells                             Type                      Level
   a - Shock                          Conjuration/Air              1
   b - Swiftness                      Charms/Air                   2
   c - Static Discharge               Conjuration/Air              3
   d - Airstrike                      Air                          4
   e - Lightning Bolt                 Conjuration/Air              5
Comestibles
 d - 4 bread rations
 i - 2 fruits
 z - 3 royal jellies
 B - 4 meat rations
 F - a chunk of flesh


   Skills:
 + Level 1.4 Fighting
 - Level 3.8 Armour
 - Level 1.5 Dodging
 - Level 2.2 Stealth
 * Level 7.2 Spellcasting
 + Level 7.8 Conjurations
 + Level 1.0 Summonings
 + Level 0.8 Translocations
 + Level 2.4 Fire Magic
 + Level 1.0 Air Magic
 + Level 3.4 Poison Magic


You had 10 spell levels left.
You knew the following spells:

 Your Spells              Type           Power        Failure   Level  Hunger
a - Magic Dart            Conj           ####         1%          1    None
c - Blink                 Tloc           N/A          11%         2    None
d - Mephitic Cloud        Conj/Pois/Air  ####....     1%          3    None
e - Flame Tongue          Conj/Fire      ####.        1%          1    None
f - Freeze                Ice            #...         2%          1    None
g - Swiftness             Chrm/Air       ##......     12%         2    None
z - Call Imp              Summ           ##......     10%         2    None


Dungeon Overview and Level Annotations

Branches:
Dungeon (7/15)             Temple (0/1) D:6

Altars:
Ashenzari
Dithmenos
Gozag
Makhleb
Qazlal
Uskayaw
Vehumet
Yredelemnul
Zin

Shops:
D:4 :


Innate Abilities, Weirdness & Mutations

You are resistant to torment.
Your stone body is resilient. (AC +5)
You are immune to poison.
You resist negative energy. (rN+)
You are resistant to electric shocks. (rElec)
You can survive without breathing.
You are immune to petrification.
You are immune to rotting.


Message History

* * * LOW HITPOINT WARNING * * *
The hippogriff closely misses you.
The hippogriff claws you but does no damage.
There are monsters nearby!
Casting: Magic Dart
Confirm with . or Enter, or press ? or * to list all spells.
Aiming: Mephitic Cloud
Press: ? - help, Shift-Dir - straight line, f/p - hippogriff
Aim: a hippogriff (severely wounded)
The ball explodes into a vile cloud!
The stinking cloud engulfs the hippogriff.
The hippogriff is severely wounded.
The stinking cloud engulfs the centaur skeleton.
The centaur skeleton appears unharmed.
The centaur skeleton is lightly damaged.
The stinking cloud engulfs you!
The centaur skeleton hits you but does no damage.
The hippogriff is engulfed in noxious fumes.
The hippogriff bites you.
You die...

##########.#.##...
#............##...
#######.###.....#.###...
........# #.....#.###...
........###.....#..##...
................##.##...
................##.##...
................##..#...
......Z@............+...
.....§H#........###.#...
......§#........###.....
.......#..............##
[......#........####..#
.......#........# #..#
.......#........# #..#
#################........####..##
.............# ###..........)...


You could see a hippogriff and a centaur skeleton.

Vanquished Creatures
  A water moccasin (D:5)
  An orc warrior (D:6)
  A black bear (D:5)
  A centaur (D:6)
  3 bullfrogs (D:6)
  6 scorpions
  8 killer bees
  2 crimson imps
  A hound (D:5)
  A jelly (D:6)
  2 orc priests
  Jessica (D:2)
  3 iguanas
  8 orc wizards
  5 worker ants
  A howler monkey skeleton (D:4)
  7 gnolls
  11 adders
  2 oozes
  An adder zombie (D:6)
  4 adder skeletons
  3 worms
  A dart slug (D:2)
  4 leopard geckos
  23 orcs
  4 ball pythons
  12 bats
  10 giant cockroaches
  6 goblins
  5 hobgoblins
  7 jackals
  8 kobolds
  2 quokkas
  A ball python skeleton (D:5)
  3 frilled lizards
  A quokka skeleton (D:7)
  10 rats
170 creatures vanquished.

Vanquished Creatures (collateral kills)
  A killer bee (D:7)
1 creature vanquished.

Vanquished Creatures (others)
  An orc priest (D:7)
  15 fungi (D:4)
16 creatures vanquished.

Grand Total: 187 creatures vanquished

Notes
Turn   | Place    | Note
-------+----------+-------------------------------------------
     0 | D:1      | Gukra the Gargoyle Wizard began the quest for the Orb.
     0 | D:1      | Reached XP level 1. HP: 10/10 MP: 4/4
   230 | D:1      | Reached XP level 2. HP: 15/15 MP: 1/6
   647 | D:1      | Reached XP level 3. HP: 19/19 MP: 2/8
   915 | D:1      | Learned a level 2 spell: Call Imp
   918 | D:1      | Learned a level 2 spell: Blink
   922 | D:1      | Learned a level 3 spell: Mephitic Cloud
  1106 | D:2      | Found a radiant altar of Vehumet.
  1108 | D:2      | Found an opulent altar of Gozag.
  1122 | D:2      | Became a worshipper of Vehumet
  1183 | D:2      | Found a burning altar of Makhleb.
  1521 | D:1      | Reached skill level 1 in Armour
  1521 | D:1      | Reached XP level 4. HP: 2/24 MP: 0/10
  1830 | D:2      | Reached skill level 1 in Poison Magic
  2036 | D:2      | Noticed Jessica
  2049 | D:2      | Killed Jessica
  2177 | D:2      | Found a stormy altar of Qazlal.
  2346 | D:2      | Reached XP level 5. HP: 28/28 MP: 0/11
  2789 | D:3      | Reached * piety under Vehumet
  2789 | D:3      | Offered knowledge of Flame Tongue by Vehumet.
  2792 | D:3      | Learned a level 1 spell: Flame Tongue
  2871 | D:3      | Found a shadowy altar of Dithmenos.
  3802 | D:4      | Reached XP level 6. HP: 29/32 MP: 2/12
  4059 | D:4      | Offered knowledge of Freeze by Vehumet.
  4242 | D:4      | Reached ** piety under Vehumet
  4399 | D:4      | Reached skill level 1 in Fire Magic
  4478 | D:4      | Found Aquimibo's Book Shop.
  4536 | D:4      | Found a glowing silver altar of Zin.
  4632 | D:4      | Reached XP level 7. HP: 31/36 MP: 1/13
  4653 | D:5      | Entered Level 5 of the Dungeon
  4721 | D:4      | Reached skill level 5 in Conjurations
  4862 | D:4      | You fall through a shaft!
  5024 | D:5      | Found a basalt altar of Yredelemnul.
  5050 | D:5      | Learned a level 1 spell: Freeze
  5085 | D:5      | Offered knowledge of Searing Ray by Vehumet.
  5128 | D:5      | Reached XP level 8. HP: 35/42 MP: 5/14
  5213 | D:5      | Learned a level 2 spell: Swiftness
  5798 | D:6      | Got a translucent falchion
  5799 | D:6      | Identified the +3 falchion of the Undead {speed, rPois rC+ rN++} (You found it on level 6 of the Dungeon)
  5822 | D:6      | Reached skill level 1 in Fighting
  5826 | D:6      | Reached *** piety under Vehumet
  5925 | D:6      | Reached skill level 5 in Spellcasting
  6198 | D:6      | Found a staircase to the Ecumenical Temple.
  6345 | D:6      | Found a hide-covered altar of Uskayaw.
  6427 | D:6      | Offered knowledge of Sticky Flame by Vehumet.
  6427 | D:6      | Reached skill level 1 in Summonings
  6459 | D:6      | Found a shattered altar of Ashenzari.
  6818 | D:6      | Reached XP level 9. HP: 47/47 MP: 9/19
  7211 | D:7      | Reached skill level 1 in Air Magic
  7269 | D:7      | Reached **** piety under Vehumet
  7520 | D:7      | HP: 2/47 [hippogriff (3)]
  7521 | D:7      | Slain by a hippogriff

Skill      XL: |  1  2  3  4  5  6  7  8  9 |
---------------+----------------------------+-----
Spellcasting   | 4 6 7 |  7.2
Armour         | 1 3 |  3.8
Conjurations   | 2 3 4 6 7 |  7.8
Poison Magic   | 1 2 3 |  3.4
Fire Magic     | 1 2 |  2.4
Fighting       | 1 |  1.4
Summonings     | 1 |  1.0
Air Magic      | 1 |  1.0
Dodging        | |  1.5
Stealth        | |  2.2
Translocations | |  0.8

Action                   |  1- 3 |  4- 6 |  7- 9 || total
-------------------------+-------+-------+-------++-------
Melee: Whip              |    25 |    11 |       ||    36
       Long sword        |       |     8 |    36 ||    44
       Falchion          |       |       |    40 ||    40
Throw: Javelin           |     5 |       |       ||     5
 Cast: Magic Dart        |    81 |   187 |   190 ||   458
       Mephitic Cloud    |     1 |     4 |    22 ||    27
       Flame Tongue      |       |    46 |    58 ||   104
       Call Imp          |       |       |     1 ||     1
  Use: Scroll            |       |     7 |     3 ||    10
       Potion            |       |       |     1 ||     1
 Stab: Confused          |       |       |     9 ||     9
       Distracted        |       |       |     1 ||     1
  Eat: Chunk             |     2 |     9 |    10 ||    21
Armor: Leather armour    |    25 |    42 |    76 ||   143
       Robe              |     1 |       |       ||     1
Dodge: Dodged            |    36 |    57 |    76 ||   169
       Rpst.: Long sword |       |     2 |     5 ||     7
       Falchion          |       |       |    13 ||    13
